 Seeded DCSS version 0.27-a0-1202-ge72e49191c (webtiles) character file.

Game seed: 10224278285853739274 (custom seed)

16610 oldmanjim the Carver (level 12, 0/86 HPs)
             Began as a Djinni Gladiator on May 22, 2021.
             Was the Champion of Okawaru.
             Slain by an eight-headed hydra (11 damage)
             ... on level 3 of the Lair of Beasts on June 4, 2021.
             The game lasted 01:30:22 (13314 turns).

oldmanjim the Carver (Djinni Gladiator)            Turns: 13314, Time: 01:30:25

Health: 0/86       AC: 10    Str: 15    XL:     12   Next: 72%
Gold:   1098       EV: 15    Int: 14    God:    Okawaru [******] SH:  6 Dex: 14

rFire    + + .     SeeInvis .   W - +2 hand axe (flame)
rCold    . . .     Faith    .   I - +1 buckler {reflect}
rNeg     . . .     Spirit   .   G - +0 troll leather armour
rPois    ∞         Reflect  +   c - +0 helmet
rElec    .         Harm     .   m - +2 cloak
rCorr    .         Rampage  .   e - +0 pair of gloves
Will     +....                  (boots unavailable)
Stlth    +.........             o - amulet of regeneration
HPRegen  2.24/turn              H - ring of protection from cold
MPRegen  0.00/turn              (no ring)

@: flying
A: sickness immunity, fire resistance 2, cold vulnerability 1, float, innate
caster, hp casting, extra vitality 1
a: Renounce Religion, Heroism, Finesse


You were on level 3 of the Lair of Beasts.
You worshipped Okawaru.
Okawaru was exalted by your worship.
You visited 2 branches of the dungeon, and saw 13 of its levels.
You also visited: Bailey.

You collected 1098 gold pieces.

Inventory:

Hand Weapons
 a - the +10 zealot's sword {holy, *Rage rN+ EV+3}
   (You found it on level 5 of the Dungeon)

   It has been blessed by the Shining One to cause great damage to the undead
   and demons.
   It affects your evasion (+3).
   It protects you from negative energy.
   It may make you go berserk in combat.
 U - a +2 vorpal shortbow
 W - a +2 hand axe of flaming (weapon)
Missiles
 d - 13 throwing nets
 j - 6 javelins
 k - 64 bolts
 p - 18 poisoned darts
 s - 74 sling bullets
 J - 23 boomerangs (quivered)
 V - 24 arrows
Armour
 c - a +0 helmet (worn)
 e - a +0 pair of gloves (worn)
 m - a +2 cloak (worn)
 G - a +0 troll leather armour (worn)
 I - a +1 buckler of reflection (worn)
 M - a +0 kite shield
Jewellery
 h - a ring of fire
 o - an amulet of regeneration (around neck)
 y - a ring of fire
 F - a ring of fire
 H - a ring of protection from cold (left hand)
 K - a ring of poison resistance
 R - a ring of wizardry
Wands
 b - a wand of iceblast (19)
 v - a wand of paralysis (7)
 O - a wand of flame (18)
Scrolls
 g - 3 scrolls of vulnerability
 n - 3 scrolls of immolation
 q - 2 scrolls of magic mapping
 t - a scroll of brand weapon {unknown}
 u - a scroll of torment
 x - 2 scrolls of blinking {unknown}
 C - 3 scrolls of noise
 D - 6 scrolls of enchant weapon {unknown}
 E - 3 scrolls of teleportation {unknown}
 N - 2 scrolls of fear {unknown}
 Q - a scroll of enchant armour {unknown}
Potions
 f - 4 potions of haste
 i - 2 potions of resistance
 l - a potion of heal wounds
 r - a potion of lignification
 w - 3 potions of attraction
 z - a potion of mutation
 A - a potion of ambrosia
 B - 6 potions of curing
 L - a potion of invisibility
 S - 3 potions of magic {unknown}
Miscellaneous
 P - a tin of tremorstones (2/2)
 T - a lightning rod (4/4)


   Skills:
 - Level 8.0 Fighting
 - Level 12.0 Long Blades
 - Level 1.5 Throwing
 - Level 4.0 Armour
 - Level 8.0 Dodging
 - Level 4.0 Shields
 + Level 5.1 Spellcasting
 - Level 7.0 Invocations


You had 7 spell levels left.
You knew the following spells:

 Your Spells              Type           Power      Damage    Failure   Level
a - Freeze                Ice            72%        1d9       2%          1
b - Corpse Rot            Necr/Air       N/A        N/A       3%          2
c - Frozen Ramparts       Ice            36%        1d5       8%          3
d - Spider Form           Tmut/Pois      9%         N/A       8%          3
e - Irradiate             Conj/Tmut      9%         3d16      56%         5
Your spell library was empty.

Dungeon Overview and Level Annotations

Branches:
Dungeon (10/15)            Temple (0/1) D:5            Lair (3/6) D:8
    Orc (0/2) D:9          Bailey (visited)
  Swamp: Lair:2-4    Shoals: Lair:2-4     Snake: Lair:2-4    Spider: Lair:2-4

Altars:
Cheibriados
Fedhas
Hepliaklqana
Kikubaaqudgha
Okawaru
Qazlal
Vehumet
Wu Jian
Xom
Yredelemnul


Innate Abilities, Weirdness & Mutations

You are immune to sickness and miasma.
You are immune to poison.
Your flesh is very heat resistant. (rF++)
You are vulnerable to cold. (rC-)
You float through the air rather than walking.
You learn spells naturally, not from books.
Your magical power is your life essence.
You have superior vitality. (+4 HP)


Message History

The eight-headed hydra seems to slow down.
The eight-headed hydra misses you. The eight-headed hydra bites you!
The eight-headed hydra misses you. x2
You block the eight-headed hydra's attack.
The eight-headed hydra closely misses you.
The eight-headed hydra bites you!
You block the eight-headed hydra's attack.
You barely miss the eight-headed hydra.
The eight-headed hydra is lightly wounded.
A black bear comes into view.
The wall freezes the eight-headed hydra.
The eight-headed hydra bites you but does no damage.
The eight-headed hydra barely misses you.
The eight-headed hydra bites you but does no damage.
The eight-headed hydra barely misses you.
The eight-headed hydra bites you.
The eight-headed hydra bites you but does no damage.
The eight-headed hydra bites you. x2
You barely miss the eight-headed hydra.
The eight-headed hydra is lightly wounded.
The frozen ramparts melt away.
The eight-headed hydra bites you.
You block the eight-headed hydra's attack.
The eight-headed hydra misses you. The eight-headed hydra bites you!
The eight-headed hydra barely misses you.
The eight-headed hydra bites you. x2
The eight-headed hydra completely misses you.
You barely miss the eight-headed hydra.
The eight-headed hydra is lightly wounded.
You hit the komodo dragon. You burn the komodo dragon.
The eight-headed hydra misses you. The eight-headed hydra bites you!
The eight-headed hydra bites you.
* * * LOW HITPOINT WARNING * * *
The eight-headed hydra bites you.
* * * LOW HITPOINT WARNING * * *
You block the eight-headed hydra's attack.
The eight-headed hydra bites you!
* * * LOW HITPOINT WARNING * * *
The eight-headed hydra closely misses you.
The eight-headed hydra bites you!
You die...

............... ...
......#######...........
.#. ......#####
#........... #.
#......P#.# #......?....
..
#..........##.......)...
............P...........
........................
................lD......
.............P..@###....[
#.......................#
#.............#..###.....
###.#........P#..####...P
#......................
##......................
##.................<.....
..............###.......P
#......................PP


You could see an eight-headed hydra (slow) and a komodo dragon.

Vanquished Creatures
  A fire dragon (D:9)
  A boulder beetle (D:7)
  2 hydras
  The ghost of deadmanwalking the Thaumaturge, a novice DEEE of Sif Muna (D:9)
  3 elephants (Lair:3)
  2 black mambas
  4 cane toads
  A rime drake (Lair:1)
  A kobold demonologist (D:9)
  3 komodo dragons
  A troll (D:8)
  3 blink frogs (Lair:3)
  Prince Ribbit (D:5)
  6 yaks (Lair:2)
  A basilisk (Lair:2)
  5 wyverns
  Grum (D:9)
  2 steam dragons (D:9)
  4 vampire mosquitoes (D:10)
  A water moccasin (Lair:2)
  3 orc warriors
  An ice beast (D:5)
  A black bear (Lair:1)
  A sky beast (D:5)
  2 necrophages
  An ogre (D:5)
  A phantom (D:4)
  3 centaurs
  8 wolves
  2 wyvern zombies
  2 kobold brigands
  8 gnoll sergeants (Bailey)
  7 bullfrogs
  A scorpion (D:4)
  A water moccasin skeleton (D:4)
  5 killer bees (D:8)
  3 wights (D:10)
  6 howler monkeys
  2 electric eels (D:10)
  4 centaur zombies
  A bullfrog zombie (D:6)
  2 hounds (Bailey)
  5 jellies
  2 centaur skeletons
  3 orc priests
  7 gnoll shamans
  9 orc wizards
  5 iguanas
  A mummy (D:4)
  18 gnolls
  3 adders
  A shadow imp (D:6)
  2 white imps
  2 worms (D:2)
  4 dart slugs
  43 orcs
  6 endoplasms
  2 giant cockroaches
  13 goblins
  8 hobgoblins
  2 jackals (D:3)
  3 quokkas
  5 ball pythons
  3 bats
  6 frilled lizards
  A hobgoblin zombie (D:4)
  13 kobolds
  2 kobold zombies (D:4)
  An orc zombie (D:4)
  5 rats
284 creatures vanquished.

Vanquished Creatures (others)
  4 fungi
4 creatures vanquished.

Grand Total: 288 creatures vanquished

Notes
Turn   | Place    | Note
-------+----------+-------------------------------------------
     0 | D:1      | oldmanjim the Djinni Gladiator began the quest for the Orb.
     0 | D:1      | Reached XP level 1. HP: 18/18 MP: 0/0
   264 | D:1      | Reached XP level 2. HP: 19/23 MP: 0/0
   588 | D:1      | Reached skill level 3 in Long Blades
   766 | D:1      | Reached XP level 3. HP: 29/29 MP: 0/0
   766 | D:1      | Learned a level 1 spell: Freeze
  1934 | D:2      | Reached XP level 4. HP: 31/34 MP: 0/0
  1978 | D:2      | Found a faded altar of an unknown god.
  2524 | D:3      | Reached XP level 5. HP: 35/40 MP: 0/0
  2524 | D:3      | Learned a level 2 spell: Corpse Rot
  2995 | D:4      | Noticed a phantom
  3047 | D:4      | Killed a phantom
  3048 | D:4      | Reached skill level 4 in Long Blades
  3048 | D:4      | Reached skill level 5 in Dodging
  3048 | D:4      | Reached skill level 1 in Spellcasting
  3048 | D:4      | Reached XP level 6. HP: 42/46 MP: 0/0
  3524 | D:4      | Reached XP level 7. HP: 47/52 MP: 0/0
  3524 | D:4      | Learned a level 3 spell: Frozen Ramparts
  3849 | D:4      | Found an ornate altar of the Wu Jian Council.
  3853 | D:4      | Found a shimmering altar of Xom.
  3853 | D:4      | Found an iron altar of Okawaru.
  3860 | D:4      | Became a worshipper of Warmaster Okawaru
  3873 | D:4      | Found a blossoming altar of Fedhas.
  3876 | D:4      | Found a stormy altar of Qazlal.
  3944 | D:4      | Upgraded the game from 0.27-a0-1188-g73eefd5def to
                  | 0.27-a0-1189-gb8eb6cee8e
  3945 | D:5      | Entered Level 5 of the Dungeon
  3966 | D:5      | Reached skill level 5 in Long Blades
  4152 | D:5      | Found a staircase to the Ecumenical Temple.
  4450 | D:5      | Reached XP level 8. HP: 36/58 MP: 0/0
  4578 | D:5      | Reached * piety under Okawaru
  4895 | D:5      | Noticed Prince Ribbit
  4906 | D:5      | Killed Prince Ribbit
  4907 | D:5      | Reached skill level 5 in Fighting
  5074 | D:5      | Found the +10 zealot's sword {holy, *Rage rN+ EV+3}
  5702 | D:6      | Reached skill level 6 in Long Blades
  5782 | D:6      | Reached XP level 9. HP: 65/65 MP: 0/0
  5782 | D:6      | Learned a level 3 spell: Spider Form
  5839 | D:6      | Reached ** piety under Okawaru
  6244 | D:6      | Reached skill level 7 in Long Blades
  6336 | D:6      | Found a basalt altar of Yredelemnul.
  6337 | D:6      | Found a snail-covered altar of Cheibriados.
  6337 | D:6      | Found a hazy altar of Hepliaklqana.
  6639 | D:6      | Noticed a gargoyle
  7434 | D:7      | Noticed a boulder beetle
  7445 | D:7      | Killed a boulder beetle
  7446 | D:7      | Reached skill level 8 in Long Blades
  7446 | D:7      | Reached skill level 5 in Invocations
  7822 | D:8      | Reached XP level 10. HP: 72/72 MP: 0/0
  7848 | D:8      | Reached *** piety under Okawaru
  7851 | D:8      | Reached skill level 9 in Long Blades
  7855 | D:8      | Found a staircase to the Lair.
  7971 | D:8      | Found a flagged portal.
  7980 | Bailey   | Entered a bailey
  8455 | Bailey   | Reached skill level 1 in Shields
  8734 | D:8      | Reached skill level 10 in Long Blades
  9143 | D:8      | Upgraded the game from 0.27-a0-1189-gb8eb6cee8e to
                  | 0.27-a0-1202-ge72e49191c
  9262 | D:9      | Reached **** piety under Okawaru
  9465 | D:9      | Found a runed translucent door.
  9465 | D:9      | Noticed a fire dragon
  9466 | D:9      | Noticed deadmanwalking's ghost (novice DEEE)
  9570 | D:9      | Found a staircase to the Orcish Mines.
  9803 | D:9      | Noticed Grum
  9820 | D:9      | Killed Grum
  9821 | D:9      | Reached XP level 11. HP: 76/76 MP: 0/0
  9821 | D:9      | Learned a level 5 spell: Irradiate
  9918 | D:9      | Killed deadmanwalking's ghost
  9919 | D:9      | Reached skill level 11 in Long Blades
  9928 | D:9      | Killed a fire dragon
  9928 | D:9      | Reached ***** piety under Okawaru
 10039 | D:10     | Entered Level 10 of the Dungeon
 10139 | D:10     | Reached skill level 12 in Long Blades
 10253 | D:10     | Received a gift from Okawaru
 10379 | D:10     | Reached skill level 1 in Armour
 10642 | D:10     | Received a gift from Okawaru
 11069 | Lair:1   | Entered Level 1 of the Lair of Beasts
 12007 | Lair:2   | Reached XP level 12. HP: 85/85 MP: 0/0
 12690 | Lair:2   | Noticed a five-headed hydra
 12729 | Lair:2   | Killed a nine-headed hydra
 13032 | Lair:3   | Noticed an eight-headed hydra
 13032 | Lair:3   | Noticed a four-headed hydra
 13220 | Lair:3   | Reached ****** piety under Okawaru
 13271 | Lair:3   | Noticed a five-headed hydra
 13287 | Lair:3   | Killed a one-headed hydra
 13288 | Lair:3   | Reached skill level 5 in Spellcasting
 13308 | Lair:3   | Noticed an eight-headed hydra
 13314 | Lair:3   | Slain by an eight-headed hydra

Illustrated notes

Levels and vault maps discovered:
D:1:      dpeg_arrival_rhombi, layout_rooms, minivault_4, minmay_vboxes
D:2:      layout_loops_ring, hellmonk_ecumenical_altar_run_dry
D:3:      layout_rooms, dk_noncrumbling_2
D:4:      layout_gridville, minmay_overflow_temple_star_hex, chequers_avenue,
          minmay_mini_ossuary
D:5:      layout_layer_cave, minmay_temple_entry_glass, uniq_prince_ribbit1
D:6:      layout_basic, overflow_temple_1_default,
          chequers_temple_overflow_statue_of_worship, grunt_tough_drop
D:7:      layout_basic, nicolae_vehumet_radiance
D:8:      layout_cave_pools, lair_entry_dummy, enter_bailey_3,
          kennysheep_generic_room_14
D:9:      layout_small_grid, hiddenorc1_lemuel, ebering_ghost_inner_flame,
          uniq_grum
D:10:     layout_basic, minivault_1
Lair:1:   layout_concentric_octagons
Lair:2:   layout_roguey, minivault_25
Lair:3:   layout_gridlike, nicolae_spider_entry_non_spiders

Skill      XL: |  1  2  3  4  5  6  7  8  9 10 11 12 |
---------------+-------------------------------------+-----
Long Blades    | 3 4 5 6 8 10 12 | 12.0
Dodging        | 4 5 6 7 8 |  8.0
Fighting       | 3 4 5 6 7 8 |  8.0
Spellcasting   | 1 2 3 5 |  5.1
Invocations    | 3 4 5 6 7 |  7.0
Shields        | 4 |  4.0
Armour         | 3 4 |  4.0
Throwing       | |  1.5

Action                   |  1- 3 |  4- 6 |  7- 9 | 10-12 || total
-------------------------+-------+-------+-------+-------++-------
Melee: Long sword        |   125 |   167 |   103 |       ||   395
       Eudemon blade     |       |       |    62 |   422 ||   484
       Hand axe          |       |       |       |    12 ||    12
Throw: Javelin           |       |     3 |     4 |       ||     7
       Boomerang         |       |       |    14 |   217 ||   231
       Throwing net      |       |       |     3 |     1 ||     4
       Dart              |       |       |    15 |     3 ||    18
 Cast: Frozen Ramparts   |       |       |       |     7 ||     7
       Freeze            |       |       |       |     4 ||     4
Invok: Heroism           |       |       |       |     1 ||     1
  Use: Scroll            |       |       |    11 |     5 ||    16
       Potion            |       |       |       |     2 ||     2
 Stab: Sleeping          |     1 |     1 |       |       ||     2
       Distracted        |       |       |       |     2 ||     2
Armor: Leather armour    |    42 |    58 |    40 |    28 ||   168
       Troll leather arm |       |       |       |    75 ||    75
Dodge: Dodged            |   101 |   133 |   107 |   377 ||   718
Block: Buckler           |       |       |       |    85 ||    85
       Reflection        |       |       |       |     4 ||     4
       Rpst.: Long sword |    26 |    42 |    23 |       ||    91
       Eudemon blade     |       |       |    10 |    68 ||    78

Table legend: (Time is in decaauts)
 A = Elapsed time spent in this place.
 B = Non-inter-level travel time spent in this place.
 C = Inter-level travel time spent in this place.
 D = Time resting spent in this place.
 E = Time spent auto-exploring this place.
 F = Levels seen in this place.
 G = Mean time per level.
                   A        B        C        D        E       F      G
               +--------+--------+--------+--------+--------+-----+--------+
         Total |  13441 |  12777 |    664 |   1457 |   8122 |  14 |  960.1 |
       Dungeon |  10583 |  10064 |    519 |   1139 |   6642 |  10 | 1058.3 |
          Lair |   2131 |   1987 |    144 |    318 |   1368 |   3 |  710.3 |
        Bailey |    726 |    726 |      0 |      0 |    112 |   1 |  726.0 |
               +--------+--------+--------+--------+--------+-----+--------+

Top non-repeatable levels by time:
     D:5: 1500 daAuts
     D:4: 1312 daAuts
     D:2: 1292 daAuts
     D:1: 1148 daAuts
     D:7: 1116 daAuts
     D:6: 1061 daAuts
    D:10: 998 daAuts
     D:9: 957 daAuts
  Lair:2: 954 daAuts
  Lair:1: 899 daAuts
  Bailey: 726 daAuts
     D:8: 703 daAuts
     D:3: 493 daAuts
  Lair:3: 277 daAuts
